 Dungeon Crawl Stone Soup version 0.30.1-11-g7821555f0a (webtiles) character file.

Game seed: 11880125596838247454

47945 Peloso the Fencer (level 14, 0/133 HPs)
             Began as a Minotaur Fighter on Dec 29, 2023.
             Was the Champion of Okawaru.
             Slain by an 11-headed hydra (11 damage)
             ... on level 14 of the Dungeon.
             The game lasted 00:33:34 (23237 turns).

Peloso the Fencer (Minotaur Fighter)               Turns: 23237, Time: 00:33:35

Health: 0/133      AC: 21    Str: 21    XL:     14   Next: 10%
Magic:  13/13      EV: 13    Int:  5    God:    Okawaru [******]
Gold:   1676       SH:  7    Dex: 15    Spells: 13/13 levels left

rFire   + + .        a - +0 scimitar (heavy)
rCold   + . .        d - +0 buckler
rNeg    + . .        v - +5 chain mail of Going Fast {rN+}
rPois   +            (helmet restricted)
rElec   .            j - +2 cloak
rCorr   .            (no gloves)
SInv    .            (no boots)
Will    +....        (no amulet) Stlth
                     q - ring of poison resistance
HPRegen 0.42/turn    (no ring)
MPRegen 0.13/turn

%: no passive effects
@: very slow
A: horns 2, retaliatory headbutt, cold resistance 1, fire resistance 2, sense
surroundings 1
a: Renounce Religion, Heroism, Finesse, Duel


You were on level 14 of the Dungeon.
You worshipped Okawaru.
Okawaru was exalted by your worship.
You visited 4 branches of the dungeon, and saw 20 of its levels.
You also visited: Bailey.

You collected 1879 gold pieces.
You spent 203 gold pieces at shops.

Inventory:

Hand Weapons
 a - a +0 heavy scimitar (weapon)
 b - a +0 heavy long sword
 c - a +3 scimitar of flaming
Missiles
 o - 3 throwing nets (quivered)
Armour
 d - a +0 buckler (worn)
 j - a +2 cloak (worn)
 v - the +5 chain mail of Going Fast (worn) {rN+}
   (You found it on level 13 of the Dungeon)

   rN:        It protects you from negative energy.
 G - the quicksilver dragon scales of Fanaticism {Harm Will+}
   (You found it in a bailey)

   Harm:      It increases damage dealt and taken.
   Will:      It increases your willpower.
Jewellery
 q - a ring of poison resistance (left hand)
 z - an amulet of guardian spirit
 B - a +6 ring of intelligence
 H - a ring of protection from fire
 J - a +5 ring of evasion
 K - a +5 ring of evasion
 N - a ring of magical power
 P - a ring of protection from cold
 Q - a ring of positive energy
Wands
 k - a wand of polymorph (12)
 C - a wand of paralysis (10)
 D - a wand of flame (8)
 O - a wand of iceblast (13)
Scrolls
 f - 3 scrolls of immolation
 g - 2 scrolls of brand weapon
 h - 4 scrolls of amnesia
 i - a scroll of magic mapping
 r - 14 scrolls of teleportation
 s - 2 scrolls of fog
 t - 3 scrolls of poison
 w - 4 scrolls of blinking
 y - a scroll of fear
 A - 4 scrolls of enchant armour
 R - 2 scrolls of identify
 S - a scroll of enchant weapon
 V - a scroll of silence
Potions
 e - a potion of haste
 l - 9 potions of curing
 m - 2 potions of mutation
 n - 3 potions of flight
 p - 3 potions of attraction {unknown}
 u - 5 potions of lignification {unknown}
 x - 2 potions of might
 E - a potion of invisibility {unknown}
 F - 3 potions of cancellation {unknown}
 I - 2 potions of heal wounds
 L - 2 potions of brilliance {unknown}
 M - a potion of resistance {unknown}
 T - a potion of berserk rage {unknown}
 U - a potion of ambrosia {unknown}


   Skills:
 + Level 14.6 Fighting
 + Level 16.0 Long Blades
 + Level 12.9 Armour
 + Level 9.9 Dodging
 + Level 4.7 Stealth
 + Level 11.4 Shields
 + Level 1.1 Invocations
 + Level 1.3 Evocations


You had 13 spell levels left.
You didn't know any spells.
Your spell library contained the following spells:

 Spells                   Type           Power      Damage    Failure   Level
 Apportation              Tloc           0%         N/A       95%         1
 Kiss of Death            Conj/Necr      0%         2d5       95%         1
 Magic Dart               Conj           0%         1d3       95%         1
 Slow                     Hex            0%         N/A       95%         1
 Sting                    Tmut/Pois      0%         1d3       95%         1
 Poisonous Vapours        Pois/Air       0%         N/A       99%         2
 Searing Ray              Conj           0%         2d4       99%         2
 Confusing Touch          Hex            0%         N/A       100%        3
 Frozen Ramparts          Ice            0%         1d1       100%        3
 Hailstorm                Conj/Ice       0%         3d3       100%        3
 Ozocubu's Armour         Ice            0%         N/A       100%        3
 Vampiric Draining        Necr           0%         2d6       100%        3
 Dispel Undead            Necr           0%         3d6       100%        4
 Fulminant Prism          Conj/Hex       0%         3d5       100%        4
 Ice Form                 Ice/Tmut       0%         N/A       100%        4
 Leda's Liquefaction      Hex/Erth       0%         N/A       100%        4
 Olgreb's Toxic Radiance  Pois           0%         N/A       100%        4
 Alistair's Intoxication  Tmut/Pois      0%         N/A       100%        5
 Lee's Rapid Deconstruct  Erth           0%         3d4*      100%        5
 Conjure Ball Lightning   Conj/Air       0%         3x3d6     100%        6
 Statue Form              Tmut/Erth      0%         N/A       100%        6
 Ozocubu's Refrigeration  Ice            0%         4d7       100%        7
 Discord                  Hex            0%         N/A       100%        8
 Disjunction              Tloc           0%         N/A       100%        8
 Ignition                 Fire           0%         3d3       100%        8
 Summon Ice Beast         Ice/Summ       Unusable   N/A       N/A         4
 Simulacrum               Ice/Necr       Unusable   N/A       N/A         6

Dungeon Overview and Level Annotations

Branches:
Dungeon (14/15)            Temple (1/1) D:5            Lair (3/5) D:8
  Swamp (0/4) Lair:2        Snake (0/4) Lair:2          Orc (2/2) D:11
    Elf (0/3) Orc:2        Bailey (visited)
 Vaults: D:13-14

Altars:
Ashenzari
Cheibriados
Dithmenos
Elyvilon
Fedhas
Gozag
Hepliaklqana
Kikubaaqudgha
Makhleb
Nemelex Xobeh
Okawaru
Ru
Sif Muna
Trog
Uskayaw
Vehumet
Wu Jian
Xom
Yredelemnul
Zin
The Shining One

Shops:
D:1 *   D:2 [   D:5 *   D:9 (   D:13 (   D:14 (   Orc:2 ((((

Portals:
Trove: D:13 (give horn of Geryon)

Annotations:
D:4 1 runed translucent door, Crazy Yiuf
Temple 2 transporters
Lair:1 1 runed translucent door, Rupert


Innate Abilities, Weirdness & Mutations

You have a pair of horns on your head.
You reflexively headbutt those who attack you in melee.
Your flesh is cold resistant. (rC+)
Your flesh is very heat resistant. (rF++)
You passively map a small area around you.


Message History

Your unstable footing causes you to fumble your attack.
The ten-headed hydra bites you. x2
The ten-headed hydra closely misses you.
The ten-headed hydra barely misses you.
The ten-headed hydra bites you but does no damage.
The ten-headed hydra bites you. The ten-headed hydra barely misses you.
The ten-headed hydra bites you but does no damage.
The ten-headed hydra bites you!
You block the ten-headed hydra's attack.
Your unstable footing causes you to fumble your attack.
A cyclops comes into view.
The ten-headed hydra bites you but does no damage. x2
You block the ten-headed hydra's attack.
The ten-headed hydra closely misses you.
The ten-headed hydra bites you but does no damage.
You block the ten-headed hydra's attack.
The ten-headed hydra bites you. x3; The ten-headed hydra barely misses you.
Your unstable footing causes you to fumble your attack.
The cyclops throws a large rock.
The large rock hits you!!!
* * * LOW HITPOINT WARNING * * *
The ten-headed hydra closely misses you.
You block the ten-headed hydra's attack. x2
The ten-headed hydra barely misses you.
The ten-headed hydra bites you but does no damage.
The ten-headed hydra closely misses you. x2
The ten-headed hydra bites you but does no damage.
The ten-headed hydra bites you!
* * * LOW HITPOINT WARNING * * *
The ten-headed hydra bites you.
* * * LOW HITPOINT WARNING * * *
You slice one of the ten-headed hydra's heads off!
The nine-headed hydra grows two more!
You slash the 11-headed hydra!
The 11-headed hydra is moderately wounded.
The 11-headed hydra bites you.
* * * LOW HITPOINT WARNING * * *
The 11-headed hydra bites you!
* * * LOW HITPOINT WARNING * * *
The 11-headed hydra completely misses you.
The 11-headed hydra bites you!
You die...

######## ##.# #......#
* ##...###.####.#
..~...~#.####.#######
* *
.~..~.≈~.............,
#..~.~~≈.####....####
......~~.# #.....# * ,
#...#..####....## * *
~ ♣.~@......#.##
#~~C.~D.#######.# *,
~~≈~♣~#.# #.# ,
.≈~.~...# ##'## , ♣
♣~♣~~.# ##...##
#..###.# ##.....## *##
#.# ##.....>.## ..#
#.........####
+.........'...


You could see a 11-headed hydra and a cyclops.

Vanquished Creatures
  2 hydras (Lair:2)
  A catoblepas (Lair:1)
  Erica (Lair:1)
  4 boulder beetles
  5 two-headed ogres
  2 centaur warriors (D:13)
  3 death yaks (D:8)
  An orc high priest (Orc:2)
  3 skeletal warriors (D:13)
  Pikel (D:3)
  3 orc sorcerers
  7 orc knights
  An ugly thing (D:12)
  5 cyclopes
  A black mamba (Lair:1)
  6 cane toads
  An unseen horror (D:10)
  2 rime drakes
  6 komodo dragons
  2 kobold demonologists (D:12)
  An efreet (D:14)
  A tengu conjurer (D:14)
  8 trolls
  5 dream sheep (Lair:2)
  6 saltlings (Orc:2)
  A hornet (D:9)
  5 blink frogs
  Prince Ribbit (D:8)
  6 slime creatures
  Sigmund (D:3)
  3 wyverns
  4 spriggans (Bailey)
  A wraith (D:9)
  A shadow (D:10)
  46 yaks
  An unseen horror simulacrum (D:9)
  A human (Lair:1)
  2 basilisks
  2 vampire mosquitoes (D:13)
  2 steam dragons
  A warg (Orc:1)
  A swamp worm (Lair:2)
  3 acid dragons
  Edmund (D:3)
  3 nagas (Lair:2)
  9 water moccasins
  2 black bears
  6 ogres
  12 orc warriors
  3 sky beasts (D:7)
  6 wolves
  5 centaurs (D:11)
  A phantom (D:6)
  2 lemures
  5 kobold brigands
  5 bullfrogs
  3 wights (D:9)
  5 killer bees (D:8)
  An electric eel (D:9)
  A howler monkey (D:6)
  4 hounds
  9 orc priests
  2 gnoll boudas
  5 iguanas
  16 orc wizards
  15 hell rats
  Natasha (thrice) (D:3)
  A centaur simulacrum (D:9)
  17 gnolls
  9 adders
  2 river rats (D:8)
  3 shadow imps
  6 white imps
  A howler monkey simulacrum (D:9)
  3 ufetubi
  3 worms (D:3)
  A dart slug (D:1)
  52 orcs
  6 endoplasms
  8 hobgoblins
  15 kobolds
  3 quokkas
  5 ball pythons
  2 bats (D:2)
  12 frilled lizards
  10 goblins
  6 rats
449 creatures vanquished.

Vanquished Creatures (others)
  An unseen horror (D:11)
1 creature vanquished.

Grand Total: 450 creatures vanquished

Notes
Turn   | Place    | Note
-------+----------+-------------------------------------------
     0 | D:1      | Peloso the Minotaur Fighter began the quest for the Orb.
     0 | D:1      | Reached XP level 1. HP: 19/19 MP: 0/0
   162 | D:1      | Reached XP level 2. HP: 27/27 MP: 1/1
   598 | D:1      | Found Kingifuy's Assorted Antiques.
   615 | D:1      | Bought a scroll labelled TEULUPNOLIN for 27 gold pieces
   615 | D:1      | Bought a scroll labelled ZUNOSE UMIBBE for 27 gold pieces
   795 | D:1      | Gained mutation: You possess an exceptional clarity of
                  | mind. [potion of mutation]
   795 | D:1      | Gained mutation: You are clumsy. (Dex -2) [potion of
                  | mutation]
   795 | D:1      | Gained mutation: You expend magic power (3 MP) to
                  | strengthen your wands. [potion of mutation]
   799 | D:1      | Lost mutation: You expend magic power (3 MP) to strengthen
                  | your wands. [potion of mutation]
   799 | D:1      | Lost mutation: You are clumsy. (Dex -2) [potion of
                  | mutation]
   799 | D:1      | Lost mutation: You possess an exceptional clarity of mind.
                  | [potion of mutation]
   799 | D:1      | Gained mutation: You passively map a small area around you.
                  | [potion of mutation]
   799 | D:1      | Gained mutation: Your flesh is cold resistant. (rC+)
                  | [potion of mutation]
   799 | D:1      | Gained mutation: Your flesh is heat resistant. (rF+)
                  | [potion of mutation]
   799 | D:1      | Gained mutation: Your flesh is very heat resistant. (rF++)
                  | [potion of mutation]
  1018 | D:2      | Found Rakaaw's Armour Boutique.
  1195 | D:2      | Reached XP level 3. HP: 33/33 MP: 2/2
  1926 | D:3      | Reached skill level 3 in Long Blades
  2020 | D:3      | Found a faded altar of an unknown god.
  2046 | D:3      | Noticed Sigmund
  2061 | D:3      | Killed Sigmund
  2062 | D:3      | Reached skill level 4 in Long Blades
  2062 | D:3      | Reached skill level 5 in Armour
  2062 | D:3      | Reached XP level 4. HP: 18/41 MP: 3/3
  2062 | D:3      | Reached XP level 5. HP: 21/47 MP: 4/4
  2332 | D:3      | Noticed Natasha
  2338 | D:3      | Killed Natasha
  2339 | D:3      | Reached skill level 5 in Long Blades
  2383 | D:3      | Found a sparkling altar of Nemelex Xobeh.
  2581 | D:3      | Noticed Natasha
  2590 | D:3      | Killed Natasha
  2591 | D:3      | Reached XP level 6. HP: 49/53 MP: 5/5
  2725 | D:3      | Noticed Natasha
  2734 | D:3      | Killed Natasha
  2769 | D:4      | Noticed an angel
  2769 | D:4      | Found a shimmering altar of Xom.
  2774 | D:4      | Reached skill level 1 in Dodging
  2774 | D:4      | Found a glowing silver altar of Zin.
  2847 | D:4      | Reached skill level 6 in Long Blades
  2875 | D:4      | Noticed Edmund
  2929 | D:3      | Killed Edmund
  2930 | D:3      | Reached XP level 7. HP: 33/60 MP: 6/6
  3024 | D:4      | Noticed Pikel
  3151 | D:3      | Killed Pikel
  3152 | D:3      | Reached skill level 5 in Fighting
  3152 | D:3      | Reached skill level 7 in Long Blades
  3152 | D:3      | Reached skill level 5 in Shields
  3266 | D:4      | Reached XP level 8. HP: 70/70 MP: 7/7
  3270 | D:4      | Reached skill level 8 in Long Blades
  3303 | D:4      | Found a broken altar of Ashenzari.
  3788 | D:4      | Found a runed translucent door.
  3789 | D:4      | Noticed Crazy Yiuf
  4064 | D:5      | Entered Level 5 of the Dungeon
  4120 | D:5      | Found Nad Coek's Neck Hole.
  4302 | D:5      | Found a staircase to the Ecumenical Temple.
  4314 | Temple   | Entered the Ecumenical Temple
  4314 | Temple   | Found a transporter.
  4314 | Temple   | Found a transporter.
  4322 | Temple   | Found a transporter.
  4322 | Temple   | Found a transporter.
  4339 | Temple   | Became a worshipper of Warmaster Okawaru
  4927 | D:6      | Reached skill level 9 in Long Blades
  5054 | D:6      | Reached * piety under Okawaru
  5055 | D:6      | Reached XP level 9. HP: 36/79 MP: 8/8
  5269 | D:6      | Reached skill level 10 in Long Blades
  5306 | D:6      | Reached ** piety under Okawaru
  5963 | D:7      | Reached skill level 11 in Long Blades
  6935 | D:8      | Noticed Prince Ribbit
  6956 | D:8      | Reached *** piety under Okawaru
  7184 | D:8      | Reached XP level 10. HP: 82/88 MP: 9/9
  7216 | D:8      | Noticed a death yak
  7218 | D:8      | Found a staircase to the Lair.
  7218 | D:8      | Noticed a death yak
  7220 | D:8      | Noticed a death yak
  7511 | D:9      | You fall into a shaft and drop 2 floors!
  7522 | D:10     | Entered Level 10 of the Dungeon
  7584 | D:10     | Reached skill level 12 in Long Blades
  7598 | D:10     | Reached skill level 10 in Armour
  7601 | D:10     | Reached **** piety under Okawaru
  7602 | D:10     | Reached skill level 1 in Evocations
  7632 | D:10     | Found a flagged portal.
  7654 | Bailey   | Entered a bailey
  8080 | Bailey   | Noticed a two-headed ogre
  8097 | Bailey   | Killed a two-headed ogre
  8324 | Bailey   | Identified the quicksilver dragon scales of Fanaticism
                  | {Harm Will+}
  8910 | D:10     | Reached XP level 11. HP: 62/97 MP: 10/10
  9032 | D:9      | Found Fiyl's Antique Weapon Boutique.
  9038 | D:9      | Bought a runed long sword for 149 gold pieces
  9073 | D:9      | Noticed a two-headed ogre
  9079 | D:9      | Killed a two-headed ogre
  9080 | D:9      | Reached skill level 13 in Long Blades
  9301 | D:9      | Reached skill level 1 in Invocations
  9525 | D:9      | Reached ***** piety under Okawaru
  9532 | D:9      | Reached skill level 5 in Dodging
  9817 | D:9      | Reached skill level 10 in Fighting
 10213 | D:8      | Killed a death yak
 10219 | D:8      | Killed a death yak
 10220 | D:8      | Reached skill level 14 in Long Blades
 10224 | D:8      | Killed a death yak
 10476 | D:8      | Killed Prince Ribbit
 10476 | D:8      | Received a gift from Okawaru
 10944 | D:10     | Found a radiant altar of Vehumet.
 11148 | D:10     | Reached skill level 1 in Stealth
 11379 | D:11     | Found a staircase to the Orcish Mines.
 11586 | D:11     | Noticed an orc knight
 11599 | D:11     | Killed an orc knight
 12074 | D:11     | Reached XP level 12. HP: 110/110 MP: 11/11
 13467 | D:12     | Identified the +0 scale mail of the Pleiades {rN+ Str+5
                  | Dex-5}
 13519 | D:12     | Found a glowing golden altar of the Shining One.
 13949 | D:12     | Noticed a boulder beetle
 13967 | D:12     | Killed a boulder beetle
 14550 | Lair:1   | Entered Level 1 of the Lair of Beasts
 14553 | Lair:1   | Noticed a catoblepas
 14821 | Lair:1   | Killed a catoblepas
 15287 | Lair:1   | Reached ****** piety under Okawaru
 15292 | Lair:1   | Reached skill level 15 in Long Blades
 15640 | Lair:1   | Noticed Erica
 15656 | Lair:1   | Killed Erica
 15974 | Lair:1   | Found a runed translucent door.
 15979 | Lair:1   | Noticed Rupert
 16549 | Lair:2   | Received a gift from Okawaru
 16572 | Lair:2   | Reached XP level 13. HP: 90/119 MP: 12/12
 17112 | Lair:2   | Found a staircase to the Snake Pit.
 17123 | Lair:2   | Reached skill level 10 in Shields
 17490 | Lair:2   | Found a staircase to the Swamp.
 19555 | Orc:1    | Entered Level 1 of the Orcish Mines
 19743 | Orc:2    | Entered Level 2 of the Orcish Mines
 19796 | Orc:2    | Found a staircase to the Elven Halls.
 19964 | Orc:2    | Received a gift from Okawaru
 20379 | Orc:2    | Found Oxuocw's Antique Weapon Emporium.
 20425 | Orc:2    | Found Birchoufu's Antique Weapon Boutique.
 20672 | Orc:2    | Found Dutreokida's Antique Weapon Boutique.
 20924 | Orc:2    | Found Leesaek's Weapon Shop.
 21861 | D:13     | Identified the +3 falchion of World's End {heavy, rN+ Int+3
                  | Dex+3} (Okawaru gifted it to you on level 13 of the
                  | Dungeon)
 21861 | D:13     | Received a gift from Okawaru
 22377 | D:13     | Identified the +5 chain mail of Going Fast {rN+}
 22511 | D:13     | Reached XP level 14. HP: 107/133 MP: 13/13
 22521 | D:13     | Reached skill level 16 in Long Blades
 22821 | D:13     | Found Wienun's Weapon Shoppe.
 22843 | D:13     | Found a portal to a secret trove of treasure.
 23150 | D:14     | Found Dinaz's Antique Weapon Shoppe.
 23237 | D:14     | Slain by an 11-headed hydra

Illustrated notes

Levels and vault maps discovered:
D:1:      matt_arrival_grand_opening, layout_basic, serial_curves,
          eino_curves_04, eino_curves_03, serial_shops, shop
D:2:      layout_loops_ring, serial_shops, nicolae_shop_rolling_square
D:3:      layout_loops_corners, nemelex_dance_club_becter,
          basic_ecumenical_altar, minmay_lizard_king, uniq_sigmund, uniq_natasha
D:4:      layout_rooms, grunt_temple_overflow_order_and_chaos_1,
          kennysheep_mini_moat, minmay_misc_feat_ornament, uniq_pikel,
          uniq_edmund, uniq_crazy_yiuf_cottage
D:5:      layout_cave_pools, minmay_temple_entry_water_ring,
          nicolae_shop_sticking_my_neck_out
D:6:      layout_rooms, st_stairs_13
D:7:      layout_loops_ring
D:8:      layout_basic, dpeg_lair_monsters, hangedman_abyss_or_decor_passed,
          uniq_prince_ribbit1
D:9:      layout_loops_ring, serial_ice, serial_ice_n, serial_ice_i,
          serial_ice_e, serial_ice_f, serial_ice_o, serial_shops, shop,
          corner_web_ring, kennysheep_another_room
D:10:     layout_cross, overflow_temple_1_default,
          lightli_bailey_entry_fortress, lemuel_flamethrower_2
D:11:     layout_layer_cave, minmay_orc_entry_temple_small
D:12:     layout_stronghold, tso_altar
D:13:     layout_loops_cross, serial_shops, shop, nicolae_trove_entry_crossroad
D:14:     layout_loops_corners, ximxim_vaults_locker_room, serial_rivers,
          chequers_serial_rivers_micro_c, chequers_serial_rivers_room_b,
          chequers_serial_rivers_marsh, chequers_serial_rivers_marsh,
          serial_shops, nicolae_shop_gaudy_bauble, nicolae_lakefront_shop,
          nicolae_shop_just_a_little_nook, nicolae_shop_overgrown_old_shop,
          door_vault
Temple:   hellmonk_temple_divided_pantheon
Lair:1:   layout_small_grid, pdpol_lair_cabin_in_the_woods, uniq_erica
Lair:2:   layout_layer_cave, palyth_hydra_swamp_entry,
          nicolae_snake_entry_squirm, nicolae_lair_grove_arrangements
Lair:3:   layout_layer_cave
Orc:1:    layout_diamond_mine
Orc:2:    hellmonk_orc_salted, layout_caves

Skill      XL: |  1  2  3  4  5  6  7  8  9 10 11 12 13 14 |
---------------+-------------------------------------------+-----
Shields        | 4 5 6 7 8 9 11 | 11.4
Armour         | 4 5 7 9 10 11 12 | 12.9
Fighting       | 4 5 7 8 9 11 12 14 | 14.6
Long Blades    | 4 5 6 7 9 11 12 14 15 16 | 16.0
Dodging        | 2 3 4 6 8 9 |  9.9
Evocations     | 1 |  1.3
Invocations    | 1 |  1.1
Stealth        | 1 3 4 |  4.7

Action                     |  1- 3 |  4- 6 |  7- 9 | 10-12 | 13-15 || total
---------------------------+-------+-------+-------+-------+-------++-------
  Melee: Long sword        |    97 |   111 |   369 |    29 |       ||   606
         Headbutt          |    18 |    16 |    64 |   120 |    80 ||   298
         Scimitar          |       |       |       |   492 |   313 ||   805
 Invoke: Heroism           |       |       |       |     7 |       ||     7
  Evoke: Wand              |       |       |       |     2 |       ||     2
    Use: Potion            |     4 |     1 |     1 |     1 |       ||     7
         Scroll            |     3 |     5 |     5 |     8 |       ||    21
   Stab: Sleeping          |       |       |       |     2 |     2 ||     4
         Petrifying        |       |       |       |     2 |       ||     2
         Petrified         |       |       |       |     2 |       ||     2
 Armour: Scale mail        |    46 |     5 |       |       |       ||    51
         Chain mail        |       |    60 |   209 |    66 |    32 ||   367
         Quicksilver drago |       |       |       |   239 |   102 ||   341
  Dodge: Dodged            |    38 |    38 |   155 |   331 |   235 ||   797
  Block: Buckler           |    17 |    19 |    86 |   195 |   119 ||   436
